AoeStats
← Ken

Arabia

508648825Analyzed
4v4 RM · 8d ago on Sep 23, 2026· 44m 30s· 8 players
Game mode
Random Map
Map size
Large (8 player)
Population
200
Speed
Normal
Resources
Standard
Victory
Conquest
Starting age
Dark Age
Ending age
Imperial Age
RankedLock teamsTeams togetherTeam positionsShared explorationLock speedFull tech treeHidden civsTurbo modeCheats
Victory
Defeat
🇩🇪 Koreans · Germany
1244
+13
🇨🇱 Burmese · Chile
1214
+15
🇵🇱 Japanese · Poland
1148
+17
🇨🇳 Franks · China
1110
+19
🇨🇳 Persians · China
1211
-17
🇭🇰 Khitans · Hong Kong SAR China
1181
-16
1167
-16
🇨🇳 Saxons · China
1159
-15
神山菊花
5:55 Loom
8:55 Feudal Age
9:23 Double-Bit Axe
16:00 Town Watch
17:35 Fletching
20:33 Padded Archer Armor
24:46 Castle Age
23:03 Fishing Lines
23:46 Scale Mail Armor
24:06 Forging
25:50 Wheelbarrow
24:48 Crossbowman
25:29 Bodkin Arrow
25:01 Pikeman
27:15 Leather Archer Armor
29:00 Wheelbarrow
30:10 Iron Casting
30:11 Gambesons
30:29 Squires
34:28 Ballistics
35:01 Thumb Ring
37:21 Arson
38:59 Lamellar Armor
39:19 Chain Mail Armor
dandan
5:08 Loom
7:26 Loom
10:56 Feudal Age
17:19 Castle Age
15:30 Scale Mail Armor
17:23 Double-Bit Axe
19:28 Chain Mail Armor
28:12 Fletching
32:41 Forging
38:19 Wheelbarrow
44:40 Imperial Age
42:58 Pikeman
43:26 Arson
43:41 Squires
44:17 Iron Casting
孤鸿
6:27 Loom
9:05 Feudal Age
10:37 Double-Bit Axe
10:48 Horse Collar
18:15 Gold Mining
20:36 Castle Age
19:58 Bloodlines
19:54 Scale Barding Armor
20:23 Forging
22:11 Wheelbarrow
23:18 Husbandry
27:03 Chain Barding Armor
33:12 Hand Cart
35:18 Stone Mining
36:56 Gold Shaft Mining
36:41 Heavy Plow
39:13 Iron Casting
45:11 Imperial Age
Hbx_蒙古国海军司令
10:58 Feudal Age
12:01 Double-Bit Axe
12:08 Horse Collar
12:27 Loom
14:45 Bloodlines
15:57 Loom
21:43 Castle Age
21:44 Scale Barding Armor
21:50 Forging
22:40 Husbandry
24:04 Wheelbarrow
28:58 Gold Mining
28:58 Stone Mining
29:18 Heavy Plow
32:53 Chain Barding Armor
33:09 Iron Casting
34:55 Stone Mining
35:30 Bow Saw
36:36 Iron Casting
40:48 Imperial Age
39:09 Stone Shaft Mining
39:30 Hand Cart
38:51 Vendel Legacy
40:58 Elite Jarl
41:00 Gothikon
42:00 Conscription
42:14 Conscription
41:15 Gothikon
41:16 Elite Jarl
42:55 Plate Barding Armor
43:20 Blast Furnace
43:49 Two-Man Saw
43:24 Crop Rotation
goupher
9:26 Feudal Age
9:24 Loom
10:10 Double-Bit Axe
14:05 Fletching
20:10 Wheelbarrow
24:42 Castle Age
25:21 Bodkin Arrow
24:48 Crossbowman
25:33 Thumb Ring
31:13 Hand Cart
36:22 Gold Mining
42:19 Sanctity
42:12 Fervor
Pomazaki
7:27 Loom
8:06 Loom
10:30 Feudal Age
16:05 Castle Age
15:03 Double-Bit Axe
16:01 Fletching
17:17 Padded Archer Armor
19:20 Wheelbarrow
20:25 Bow Saw
22:00 Bodkin Arrow
25:08 Thumb Ring
25:19 Horse Collar
25:49 Squires
28:40 Hand Cart
29:36 Gold Mining
30:46 Leather Archer Armor
30:56 Ballistics
31:23 Bloodlines
31:15 Husbandry
33:17 Gold Shaft Mining
34:52 Heavy Plow
34:46 Stone Mining
36:02 Masonry
36:34 Fervor
37:03 Pikeman
37:29 Arson
46:23 Imperial Age
Ken
11:10 Feudal Age
14:24 Double-Bit Axe
17:01 Castle Age
15:23 Loom
15:37 Double-Bit Axe
19:40 Husbandry
19:58 Loom
24:55 Wheelbarrow
25:47 Scale Barding Armor
26:09 Hand Cart
28:42 Forging
30:08 Gold Mining
37:43 Imperial Age
37:26 Chain Barding Armor
37:41 Iron Casting
37:24 Bow Saw
39:18 Plate Barding Armor
38:11 Cavalier
39:37 Gold Shaft Mining
38:52 Stone Mining
40:37 Iron Casting
41:11 Conscription
43:05 Blast Furnace
41:54 Ordonnance Companies
43:04 Padded Archer Armor
43:04 Scale Mail Armor
42:55 Fletching
43:09 Paladin
43:34 Treadmill Crane
44:14 Ballistics
43:52 Murder Holes
Arkh
9:21 Feudal Age
9:49 Horse Collar
9:59 Loom
15:28 Scale Barding Armor
16:47 Forging
24:19 Castle Age
22:59 Bloodlines
22:41 Gold Mining
23:49 Stone Mining
25:01 Husbandry
25:38 Chain Barding Armor
27:12 Iron Casting
40:48 Imperial Age
38:46 Fletching
39:48 Gold Shaft Mining
39:52 Bodkin Arrow
41:04 Ballistics
41:33 Bracer
42:36 Chemistry
43:00 Plate Barding Armor
43:11 Cavalier
44:01 Heavy Plow
45:34 Blast Furnace
Connection lost

Rejoining the realm…

Still unreachable

The connection could not be restored.

Session expired

The server has moved on; the page needs a fresh start.